 Dungeon Crawl Stone Soup version 0.19.0-2-gae57169 (webtiles) character file.

247 Gingerlord the Skirmisher (level 6, 0/49 HPs)
             Began as a Human Fighter on Nov 6, 2016.
             Slain by an ogre
             ... wielding a +0 giant club
              (21 damage)
             ... on level 4 of the Dungeon.
             The game lasted 00:06:20 (3575 turns).

Gingerlord the Skirmisher (Human Fighter)           Turns: 3575, Time: 00:06:21

Health: 0/49       AC:  7    Str: 18    XL:     6   Next: 33%
Magic:  6/6        EV:  8    Int:  8    God:
Gold:   108        SH: 14    Dex: 13    Spells: 0 memorised, 5 levels left

rFire  + . .     SeeInvis .     a - +0 long sword
rCold  . . .     Gourm    .     b - +0 scale mail
rNeg   . . .     Faith    .     c - +0 shield
rPois  +         Spirit   .     (no helmet)
rElec  .         Reflect  +     (no cloak)
rCorr  .         Harm     .     (no gloves)
MR     .....                    (no boots)
Stlth  ..........               l - +5 amulet of reflection
                                t - ring of protection from fire
                                r - ring of poison resistance

@: no status effects
A: no striking features
a: no special abilities


You were on level 4 of the Dungeon.
You were not hungry.

You visited 1 branch of the dungeon, and saw 4 of its levels.

You collected 108 gold pieces.

Inventory:

Hand Weapons
 a - a +0 long sword (weapon)
Armour
 b - a +0 scale mail (worn)
 c - a +0 shield (worn)
Jewellery
 j - an uncursed amulet of faith
 l - a +5 amulet of reflection (around neck)
 r - a ring of poison resistance (left hand)
 t - a ring of protection from fire (right hand)
Scrolls
 e - 3 scrolls of teleportation {unknown}
 k - 2 scrolls of magic mapping {unknown}
 m - a scroll of enchant weapon {unknown}
 n - 2 scrolls of remove curse {unknown}
 p - a scroll of immolation {unknown}
 s - 2 scrolls of identify {unknown}
Potions
 d - a potion of might
 g - 2 potions of berserk rage {unknown}
 h - a potion of resistance {unknown}
 i - 2 potions of haste {unknown}
 q - a potion of flight {unknown}
 u - a potion of lignification {unknown}
 v - 2 potions of brilliance {unknown}
 x - a potion of degeneration {unknown}
Comestibles
 f - 2 bread rations
 o - 2 meat rations
 w - a chunk of flesh


   Skills:
 + Level 4.3 Fighting
 + Level 3.2 Long Blades
 + Level 3.9 Armour
 + Level 2.4 Dodging
 + Level 3.5 Shields


You had 5 spell levels left.
You didn't know any spells.

Dungeon Overview and Level Annotations

Branches:
Dungeon (4/15)
 Temple: D:4-7

Altars:

Shops:
D:4 (

Annotations:
D:3 Sigmund


Message History

Found a ring mail.
x - a viscous inky potion
Found 14 stones.
You see here 14 stones.
An ogre comes into view. It is wielding a giant club.
The ogre shouts!
An ogre is nearby!
You hit the ogre.
The ogre is lightly wounded.
You block the ogre's attack.
You hit the ogre.
The ogre is moderately wounded.
The ogre hits you with a giant club!
You hit the ogre.
The ogre is heavily wounded.
The ogre hits you with a giant club!!
You hit the ogre.
The ogre is severely wounded.
The ogre hits you with a giant club!!
You die...

...# #..#.# ####.........##..
.... #..#.# #..........#..
...#####..#.# #.....?....#..
###........#.# ###........#..
...........#.# #.......=###
...........#.#########.........##
............(.†........(..####.##
......##.#.#.#################..#
......#..#.#.#..@O...............
......#..#.#.#.#######...........
#........#.#.#.# ########.
#.###.#.##.#.#.# #.
#...#.#.##[#.#.# #.
###.#.#.##.#.#.# ## #.#.#.# #.# #
#.#.#.# #.# # #.#.#.# #.# #


You could see an ogre.

Vanquished Creatures
  An orc priest (D:3)
  8 adders
  4 gnolls (D:3)
  An ooze (D:3)
  A worm (D:2)
  5 dart slugs
  4 leopard geckos
  3 orcs
  3 giant cockroaches
  12 goblins
  5 hobgoblins
  6 jackals
  8 kobolds
  5 quokkas
  7 bats
  3 frilled lizards
  12 rats
88 creatures vanquished.

Notes
Turn   | Place    | Note
-------+----------+-------------------------------------------
     0 | D:1      | Gingerlord the Human Fighter began the quest for the Orb.
     0 | D:1      | Reached XP level 1. HP: 18/18 MP: 1/1
   104 | D:1      | Reached XP level 2. HP: 24/24 MP: 2/2
   245 | D:1      | Reached XP level 3. HP: 26/29 MP: 3/3
  1103 | D:2      | Reached skill level 1 in Dodging
  1215 | D:2      | Reached XP level 4. HP: 19/37 MP: 4/4
  1898 | D:3      | Reached skill level 4 in Fighting
  1905 | D:3      | Reached XP level 5. HP: 20/42 MP: 5/5
  2530 | D:3      | Reached XP level 6. HP: 29/48 MP: 6/6
  2950 | D:3      | Noticed Sigmund
  3010 | D:4      | Found Xohiybrim's Antique Weapon Shoppe.
  3569 | D:4      | Noticed an ogre
  3575 | D:4      | Slain by an ogre

Skill      XL: |  1  2  3  4  5 |
---------------+----------------+-----
Dodging        | 1 2 |  2.4
Fighting       | 4 |  4.3
Long Blades    | 3 |  3.2
Armour         | |  3.9
Shields        | |  3.5

Action                   |  1- 3 |  4- 6 || total
-------------------------+-------+-------++-------
Melee: Long sword        |   125 |   246 ||   371
  Eat: Chunk             |     1 |     4 ||     5
       Bread ration      |       |     1 ||     1
Armor: Scale mail        |    58 |    68 ||   126
Dodge: Dodged            |    32 |    52 ||    84
Block: Shield            |    81 |   209 ||   290
       Reflection        |       |     6 ||     6
       Rpst.: Long sword |     9 |    14 ||    23
